 Dungeon Crawl Stone Soup version 0.29.0-4-gdea44cf6ec (webtiles) character file.

Game seed: 13897248536234393179

85 sizableburger the Slasher (level 4, 0/31 HPs)
             Began as an Octopode Gladiator on Aug 26, 2022.
             Succumbed to an adder's poison
             ... on level 2 of the Dungeon.
             The game lasted 00:04:02 (1398 turns).

sizableburger the Slasher (Octopode Gladiator)      Turns: 1398, Time: 00:04:02

Health: 0/31       AC:  1    Str: 10 (13) XL:     4   Next: 48%
Magic:  1/4        EV: 14    Int:  7 (10) God:
Gold:   105        SH:  0    Dex: 13 (15) Spells: 1/3 levels left

rFire   . . .      SeeInvis .   a - +0 long sword
rCold   . . .      Faith    .   (no shield)
rNeg    . . .      Spirit   +   b - +0 hat
rPois   .          Reflect  .   j - amulet of guardian spirit
rElec   .          Harm     .   (no ring)
rCorr   .          Rampage  .   (no ring)
Will    .....                   (no ring)
Stlth   ++........              (no ring)
HPRegen 0.10/turn               (no ring)
MPRegen 0.09/turn               (no ring)
                                (no ring)
                                (no ring)

@: brilliant, lethally poisoned (0 -> -4)
A: almost no armour, amphibious, 8 rings, camouflage 1, gelatinous body 1,
(nimble swimmer 1), tentacles
a: no special abilities


You were on level 2 of the Dungeon.
You visited 1 branch of the dungeon, and saw 3 of its levels.

You collected 105 gold pieces.

Inventory:

Hand Weapons
 a - a +0 long sword (weapon)
Missiles
 d - a javelin (quivered)
 e - 3 poisoned darts
Armour
 b - a +0 hat (worn)
Jewellery
 j - an amulet of guardian spirit (around mantle)
Scrolls
 g - 2 scrolls of fear {unknown}
 k - 3 scrolls of identify {unknown}
 l - 3 scrolls of vulnerability {unknown}
Potions
 m - a potion of invisibility {unknown}


   Skills:
 + Level 3.0 Fighting
 + Level 3.8 Long Blades
 - Level 2.0 Throwing
 - Level 3.5 Dodging
 + Level 1.1 Transmutations


You had one spell level left.
You knew the following spells:

 Your Spells              Type           Power      Damage    Failure   Level
a - Wereblood             Tmut           2%         N/A       41%         2

Your spell library contained the following spells:

 Spells                   Type           Power      Damage    Failure   Level
 Beastly Appendage        Tmut           4%         N/A       30%         1
 Ensorcelled Hibernation  Hex/Ice        0%         N/A       56%         2
 Spider Form              Tmut/Pois      1%         N/A       75%         3
 Anguish                  Hex/Necr       0%         N/A       99%         4
 Cause Fear               Hex            0%         N/A       99%         4
 Summon Lightning Spire   Summ/Air       0%         N/A       99%         4
 Lightning Bolt           Conj/Air       0%         1d11      100%        5
 Dragon Form              Tmut           1%         N/A       100%        7
 Dragon's Call            Summ           0%         N/A       100%        9


Dungeon Overview and Level Annotations

Branches:
Dungeon (3/15)

Altars:
Fedhas
Trog
Uskayaw

Shops:
D:2 *


Innate Abilities, Weirdness & Mutations

You cannot wear most types of armour.
You are amphibious.
You can wear up to eight rings at the same time.
Your skin changes colour to match your surroundings (Stealth+).
Your rubbery body absorbs attacks. (AC +1, EV +1)
((You are camouflaged when in or above water. (Stealth+)))
You have tentacles for arms and can constrict up to eight enemies at once.


Message History

You feel sick. The adder closely misses you. The hobgoblin closely misses you.
The adder barely misses you.
You aren't carrying any items that you can evoke.
Throw: 3 throwing nets
Press: ? - help, Q - select action, (/) - cycle Shift-Dir - straight line, f - adder
Aim: an adder (moderately wounded, 40% to hit)
You throw a throwing net. The throwing net hits the adder.
The adder is caught in the net!
The adder is moderately wounded.
You feel sick. The hobgoblin barely misses you.
The adder struggles against the net.
You feel sick.
The adder struggles against the net.
You feel sick.
You are no longer poisoned.
The adder struggles against the net.
The adder struggles against the net.
The net rips apart, and the adder comes free!
The hobgoblin attacks as you move away! The hobgoblin misses you.
Okay, then.
Throw: 2 throwing nets
Press: ? - help, Q - select action, (/) - cycle Shift-Dir - straight line, f/p - adder
Aim: an adder (moderately wounded, 40% to hit)
You throw a throwing net.
The throwing net barely misses the adder.
The throwing net hits the frilled lizard.
The frilled lizard is caught in the net!
The adder bites you.
* * * LOW HITPOINT WARNING * * *
You are poisoned.
The adder poisons you!
The frilled lizard struggles against the net.
The hobgoblin hits you.
* * * LOW HITPOINT WARNING * * *
Throw: throwing net
Press: ? - help, Q - select action, (/) - cycle Shift-Dir - straight line, f/p - adder
Aim: an adder (moderately wounded, 40% to hit)
You throw a throwing net.
The throwing net closely misses the adder.
The throwing net hits the frilled lizard.
You die...

.#####.....................
..[......................#
#####........#.l........# #
##........#.......#.#
####...#.(.....####..†.##
.....#.#......#####l....#
........>.....###...##..#
##....##.......##S#.# .#
......##.)<..#..@gr.# ..
###.####.##.#.......# .# #
#.# #.##.........# .. ##.#
#.####.._....# ## . #..#
#.# #.....#.# ..# ..##w
#.## #.# #.....#.# #.#
..... ##.# #.# #...#...##
#.# ...... ##.# #.#
#...#....###.##.... . ##.#
#.####.#........#......


You could see an adder, a quokka, a hobgoblin and a frilled lizard (caught).

Vanquished Creatures
  2 adders (D:2)
  A gnoll (D:1)
  An ufetubus (D:3)
  2 dart slugs
  4 orcs
  2 ball pythons
  4 bats
  5 endoplasms (D:1)
  A giant cockroach (D:2)
  8 goblins
  A quokka (D:1)
  2 frilled lizards
  6 kobolds
  5 rats
44 creatures vanquished.

Vanquished Creatures (others)
  A goblin (D:3)
  11 toadstools (D:3)
12 creatures vanquished.

Grand Total: 56 creatures vanquished

Notes
Turn   | Place    | Note
-------+----------+-------------------------------------------
     0 | D:1      | sizableburger the Octopode Gladiator began the quest for
                  | the Orb.
     0 | D:1      | Reached XP level 1. HP: 14/14 MP: 1/1
    65 | D:1      | Reached XP level 2. HP: 9/19 MP: 2/2
   378 | D:1      | Reached XP level 3. HP: 21/25 MP: 1/3
   571 | D:1      | Got Foecwir's Secrets of the Kinetic Squall
   789 | D:1      | Learned a level 2 spell: Wereblood
   790 | D:2      | Found a blossoming altar of Fedhas.
  1043 | D:2      | Found Rariur's General Store.
  1148 | D:2      | Reached XP level 4. HP: 27/30 MP: 4/4
  1191 | D:2      | You fall into a shaft and drop 1 floor!
  1194 | D:3      | Found a bloodstained altar of Trog.
  1199 | D:3      | Found a hide-covered altar of Uskayaw.
  1350 | D:2      | Reached skill level 1 in Transmutations
  1397 | D:2      | HP: 1/31 [hobgoblin (4)]
  1398 | D:2      | Succumbed to an adder's poison

Illustrated notes

Levels and vault maps discovered:
D:1:      dpeg_arrival_rooms_with_view, layout_rooms
D:2:      layout_rooms, basic_altar, serial_shops, nicolae_shop_trees
D:3:      cheibrodos_fertilizer, layout_rooms, nicolae_overflow_squiral,
          kennysheep_potato, uniq_terence

Skill      XL: |  1  2  3  4 |
---------------+-------------+-----
Transmutations | 1 |  1.1
Fighting       | 3 |  3.0
Long Blades    | |  3.8
Throwing       | |  2.0
Dodging        | |  3.5

Action                   |  1- 3 |  4- 6 || total
-------------------------+-------+-------++-------
Melee: Long sword        |    59 |    22 ||    81
       Constrict         |    15 |     4 ||    19
       Tentacles         |    14 |     3 ||    17
Throw: Throwing net      |       |     3 ||     3
  Use: Potion            |       |     4 ||     4
 Stab: Sleeping          |     3 |       ||     3
Armor: Skin              |     5 |     2 ||     7
Dodge: Dodged            |    41 |    36 ||    77
